 Dungeon Crawl Stone Soup version 0.26-a0-651-gb41185065b (webtiles) character file.

Game seed: 17018163925841996488

7623 Irenicus the Earth Mage (level 10, 0/75 HPs)
             Began as a Deep Dwarf Earth Elementalist on Sept 30, 2020.
             Was a Priest of Makhleb.
             Slain by an orc warrior
             ... wielding a +0 battleaxe
              (25 damage)
             ... on level 6 of the Dungeon.
             The game lasted 00:49:24 (5174 turns).

Irenicus the Earth Mage (DDEE)                      Turns: 5174, Time: 00:49:24

Health: 0/75       AC:  7    Str: 11    XL:     10   Next: 98%
Magic:  14/26 (17) EV: 12    Int: 20    God:    Makhleb [***...]
Gold:   583        SH:  0    Dex: 13    Spells: 4/19 levels left

rFire    + . .     SeeInvis +   i - +3 dagger (venom)
rCold    . . .     Faith    +   (no shield)
rNeg     . . .     Spirit   .   n - +1 leather armour of the Lost Path {SInv}
rPois    .         Reflect  .   a - +1 helmet
rElec    .         Harm     .   (no cloak)
rCorr    .         Rampage  .   (no gloves)
MR       +....                  p - +0 pair of boots
Stlth    ++........             B - amulet of faith {Faith, !P}
HPRegen  0.00/turn              k - ring of protection from fire {rF+, !d}
MPRegen  0.20/turn              l - ring of magical power {MP+9}

@: lethally poisoned (0 -> 0), non-regenerating
A: damage resistance, heal wounds, sense surroundings 2, no regeneration
a: Heal Wounds, Minor Destruction, Lesser Servant of Makhleb, Renounce Religion


You were on level 6 of the Dungeon.
You worshipped Makhleb.
Makhleb was most pleased with you.
You visited 2 branches of the dungeon, and saw 10 of its levels.

You collected 583 gold pieces.

Inventory:

Hand Weapons
 i - a +3 dagger of venom (weapon)
   (You found it on level 1 of the Dungeon)
 j - a +0 quick blade
   (You found it on level 8 of the Dungeon)
 F - the +11 long sword of Due Proportion {freeze, +Rage Int+2 Dex+4 Stlth-}
   (You took it off a centaur on level 9 of the Dungeon)

   It has been specially enchanted to freeze those struck by it, causing extra
   injury to most foes and up to half again as much damage against particularly
   susceptible opponents.
   It can also slow down cold-blooded creatures.
   It affects your intelligence (+2).
   It affects your dexterity (+4).
   It lets you go berserk.
   It makes you less stealthy.
Missiles
 b - 27 stones (quivered)
Armour
 a - a +1 helmet (worn)
   (You took it off Robin on level 2 of the Dungeon)
 n - the +1 leather armour of the Lost Path (worn) {SInv}
   (You found it on level 4 of the Dungeon)

   It lets you see invisible.
 p - a +0 pair of boots (worn)
   (You found it on level 8 of the Dungeon)
 v - the +2 leather armour of the Gloaming {Str+2}
   (You found it on level 6 of the Dungeon)

   It affects your strength (+2).
Magical Staves
 e - an uncursed staff of earth
   (You acquired it on level 8 of the Dungeon)
Jewellery
 k - a ring of protection from fire (left hand) {rF+, !d}
   (You found it on level 1 of the Dungeon)
 l - a ring of magical power (right hand) {MP+9}
   (You found it on level 4 of the Dungeon)
 o - an uncursed ring of protection from cold {rC+, !d}
   (You found it on level 4 of the Dungeon)
 x - a +6 ring of strength
   (You found it on level 6 of the Dungeon)
 B - an amulet of faith (around neck) {Faith, !P}
   (You found it on level 7 of the Dungeon)
Wands
 m - a wand of flame (1)
   (You found it on level 5 of the Dungeon)
 t - a wand of iceblast (14)
   (You found it on level 5 of the Dungeon)
 z - a wand of acid (6)
   (You found it on level 6 of the Dungeon)
Scrolls
 c - 2 scrolls of fear
 g - 3 scrolls of teleportation
 w - 2 scrolls of noise {unknown}
 y - 2 scrolls of enchant armour
 E - a scroll of random uselessness {unknown}
 H - a scroll of remove curse
 I - a scroll of identify
Potions
 d - a potion of berserk rage {!q}
 f - a potion of haste
 h - a potion of flight
 q - 2 potions of magic
 r - a potion of stabbing
 u - a potion of lignification {unknown}
 A - a potion of curing
 C - a potion of heal wounds
 D - a potion of invisibility
Miscellaneous
 G - a phantom mirror
   (You found it on level 9 of the Dungeon)


   Skills:
 - Level 3.1 Short Blades
 - Level 2.1 Dodging
 - Level 2.4 Stealth
 + Level 5.0 Spellcasting
 + Level 6.0 Transmutations
 - Level 16.4 Earth Magic
 - Level 6.1 Evocations


You had 4 spell levels left.
You knew the following spells:

 Your Spells              Type           Power        Failure   Level
a - Sandblast             Erth           ######       1%          1
c - Petrify               Tmut/Erth      #####...     1%          4
w - Passwall              Tmut/Erth      #####...     1%          2
x - Stone Arrow           Conj/Erth      #####.       1%          3
z - Lee's Rapid Deconstr  Erth           ######....   1%          5

Your spell library contained the following spells:

 Spells                   Type           Power        Failure   Level


Dungeon Overview and Level Annotations

Branches:
Dungeon (9/15)             Temple (1/1) D:6            Lair (0/6) D:8
    Orc: D:9-12

Altars:
Ashenzari
Cheibriados
Dithmenos
Gozag
Hepliaklqana
Kikubaaqudgha
Makhleb
Nemelex Xobeh
Okawaru
Qazlal
Ru
Sif Muna
Uskayaw
Vehumet
Wu Jian
Xom
Zin
The Shining One

Annotations:
D:7 come back later
D:8 exclusion: upstairs


Innate Abilities, Weirdness & Mutations

You are resistant to damage.
You can heal yourself by infusing magical energy.
You passively map the area around you.
You do not regenerate.


Message History

The helpless Prince Ribbit fails to defend himself.
You puncture Prince Ribbit!
Prince Ribbit looks as sick as possible!
Prince Ribbit is heavily wounded.
The helpless Prince Ribbit fails to defend himself.
You impale Prince Ribbit!!
Prince Ribbit looks as sick as possible!
Prince Ribbit is almost dead.
The helpless Prince Ribbit fails to defend himself.
You impale Prince Ribbit!!
You kill Prince Ribbit!
Makhleb accepts your kill.
You feel better.
Your Spellcasting skill increases to level 5!
Your Transmutations skill increases to level 6!
Health restored: 75
There is an open door here.
You now have 562 gold pieces (gained 10).
You now have 573 gold pieces (gained 11).
You now have 583 gold pieces (gained 10).
There is an open door here.
Casting: Petrify (dangerous; 1% risk of failure)
Confirm with . or Enter, or press ? or * to list all spells.
Press: ? - help, Dir - move target cursor A rock wall.
You begin to meditate on the wall.
You continue meditating on the rock. x2
You finish merging with the rock.
You now have 14/26 mp.
Casting: Passwall (safe; 1% risk of failure)
Confirm with . or Enter, or press ? or * to list all spells.
Aiming: Sandblast (safe; 1% risk of failure)
Press: ? - help, Shift-Dir - straight line, f - orc wizard
Aim: an orc wizard, wielding a +0 dagger and wearing a +0 robe (wandering, hasn't noticed you)
The blast of sand hits the orc wizard.
The orc wizard is heavily wounded.
The orc wizard shouts!
b - 28 stones The orc warrior shouts!
The orc wizard shouts!
An orc comes into view. It is wielding a +0 trident.
The orc wizard looks encouraged for a moment.
The orc wizard gestures at you while chanting.
The magic dart hits you!
You take 6 damage, and have 69/75 hp.
You now have 13/26 mp.
Casting: Sandblast (safe; 1% risk of failure)
Confirm with . or Enter, or press ? or * to list all spells.
Aiming: Sandblast (safe; 1% risk of failure)
Press: ? - help, Shift-Dir - straight line, f/p - orc wizard
Aim: an orc wizard, wielding a +0 dagger and wearing a +0 robe (heavily wounded)
The blast of sand hits the orc wizard.
The orc wizard is heavily wounded.
b - 27 stones The orc wizard mumbles some strange words.
The orc wizard seems to speed up.
The orc warrior hits you with a +0 battleaxe!!
You take 22 damage, and have 47/75 hp.
MASSIVE DAMAGE!!
You closely miss the orc wizard.
The orc wizard gestures at you while chanting.
The magic dart hits you.
The orc wizard gestures at you while chanting.
The puff of flame hits you. You resist.
The orc wizard hits you but does no damage.
The orc warrior hits you with a +0 battleaxe!!
You take 18 damage, and have 29/75 hp.
MASSIVE DAMAGE!!
Evoke which item? (* to show all) (? for menu, Esc to quit)
Press: ? - help, Shift-Dir - straight line, f - orc warrior, p - orc wizard
Aim: an orc warrior, wielding a +0 battleaxe and wearing a +0 plate armour The bolt of acid misses the orc warrior.
The orc wizard points at you and mumbles some strange words.
The magic dart hits you!
The orc wizard hits you but does no damage.
You take 5 damage, and have 24/75 hp.
Evoke which item? (* to show all) (? for menu, Esc to quit)
Aiming: Corrosive Bolt
Press: ? - help, Shift-Dir - straight line, f/p - orc warrior
Aim: an orc warrior, wielding a +0 battleaxe and wearing a +0 plate armour The bolt of acid hits the orc warrior!
The orc warrior is splashed with acid.
The orc warrior is heavily wounded.
The orc wizard hits you but does no damage.
The orc warrior barely misses you.
The orc wizard hits you with a +2 dagger of venom.
You are poisoned.
The orc misses you. The orc wizard closely misses you.
Evoke which item? (* to show all) (? for menu, Esc to quit)
Press: ? - help, Shift-Dir - straight line, f - orc, p - orc warrior
Aim: an orc, wielding a +0 trident The mass of ice explodes!
The iceblast engulfs the orc!
You kill the orc!
Makhleb accepts your kill.
You feel better.
The iceblast engulfs the wraith!
The wraith partially resists.
The wraith is moderately damaged.
The iceblast engulfs the bush!
The bush is almost destroyed.
The iceblast engulfs the bush!
The bush is moderately damaged.
You hear a shout!
The orc wizard completely misses you.
The orc wizard gestures at you while chanting.
The magic dart hits you.
The orc warrior hits you with a +0 battleaxe!!
You die...

#....#.........#....
#....#.........#8...
#'########'########'
#....#.........#....
#P...#.........#....
#...P#.........#....
#P.)W#.........#....
#...P#.........#....
#Po@.#.........#....
#.ooP#.........#....
#P...#.........#†)..
#....'.........')...
####################
#... #... ##.. ###


You could see a wraith, an orc warrior and 2 orc wizards.

Vanquished Creatures
  An unseen horror (D:6)
  Pikel (D:6)
  Prince Ribbit (D:6)
  2 hippogriffs (D:9)
  Sigmund (D:6)
  A spriggan (shapeshifter) (D:6)
  Grum (D:9)
  3 yaks (D:9)
  Duvessa (D:6)
  A water moccasin (D:6)
  6 orc warriors
  5 porcupines (D:8)
  2 black bears (D:8)
  5 ogres
  3 wolves (D:9)
  7 centaurs
  A crocodile (D:9)
  5 bullfrogs
  A wyvern zombie (D:9)
  5 scorpions
  Dowan (D:6)
  A centaur zombie (D:9)
  6 howler monkeys
  A bullfrog zombie (D:5)
  6 hounds
  2 jellies
  A centaur skeleton (D:4)
  4 gnoll shamans (D:7)
  2 orc priests (D:5)
  3 orc wizards (D:5)
  2 bullfrog skeletons
  An iguana (D:9)
  11 worker ants
  Terence (D:3)
  A hound zombie (D:9)
  2 hound skeletons
  Robin (D:2)
  8 gnolls (D:7)
  11 adders
  A shadow imp (D:6)
  5 white imps
  An ufetubus (D:7)
  2 oozes
  2 adder skeletons (D:4)
  A worm (D:2)
  A dart slug (D:1)
  4 leopard geckos
  22 orcs
  A ball python (D:2)
  9 bats
  2 giant cockroaches
  10 goblins
  5 hobgoblins
  11 jackals
  8 kobolds
  3 quokkas
  4 frilled lizards
  A leopard gecko skeleton (D:4)
  A leopard gecko zombie (D:8)
  5 rats
217 creatures vanquished.

Vanquished Creatures (collateral kills)
  An orc warrior (D:7)
  An ogre (D:7)
  An orc (D:7)
3 creatures vanquished.

Vanquished Creatures (others)
  A bush (D:6)
  38 fungi
  32 plants
71 creatures vanquished.

Grand Total: 291 creatures vanquished

Notes
Turn   | Place    | Note
-------+----------+-------------------------------------------
     0 | D:1      | Irenicus the Deep Dwarf Earth Elementalist began the quest
                  | for the Orb.
     0 | D:1      | Reached XP level 1. HP: 15/15 MP: 3/3
    47 | D:1      | Reached skill level 2 in Spellcasting
    93 | D:1      | Reached XP level 2. HP: 22/22 MP: 3/5
   198 | D:1      | Reached skill level 5 in Earth Magic
   496 | D:1      | Reached XP level 3. HP: 22/28 MP: 2/6
   712 | D:2      | Reached skill level 6 in Earth Magic
   730 | D:2      | Learned a level 2 spell: Passwall
   933 | D:2      | Noticed Robin
   964 | D:2      | Reached XP level 4. HP: 17/36 MP: 4/7
   967 | D:2      | Killed Robin
  1045 | D:2      | Reached skill level 1 in Short Blades
  1270 | D:3      | Noticed Terence
  1276 | D:3      | HP: 9/36 [Terence/cursed -3 trident (8)]
  1282 | D:3      | HP: 5/36 [Terence/cursed -3 trident (4)]
  1284 | D:3      | Killed Terence
  1284 | D:3      | Reached skill level 2 in Short Blades
  1320 | D:3      | HP: 4/36 [kobold/stone (1)]
  1390 | D:3      | Reached XP level 5. HP: 5/42 MP: 5/8
  1555 | D:4      | Found a stormy altar of Qazlal.
  1696 | D:4      | Got a dazzling leather armour
  1717 | D:4      | Identified the +1 leather armour of the Lost Path {SInv}
                  | (You found it on level 4 of the Dungeon)
  1760 | D:4      | Reached skill level 3 in Short Blades
  1858 | D:4      | HP: 10/42 [worker ant (1)]
  1943 | D:4      | Reached skill level 7 in Earth Magic
  2003 | D:4      | HP: 4/42 [worker ant (1)]
  2006 | D:4      | Reached XP level 6. HP: 5/49 MP: 9/9
  2040 | D:4      | Found a sparkling altar of Nemelex Xobeh.
  2155 | D:5      | Entered Level 5 of the Dungeon
  2218 | D:5      | Reached skill level 8 in Earth Magic
  2247 | D:5      | HP: 1/49 [orc priest/nerve-wracking pain (10)]
  2260 | D:5      | HP: 4/49 [orc wizard/magic dart (5)]
  2262 | D:5      | Reached skill level 9 in Earth Magic
  2276 | D:5      | Reached XP level 7. HP: 4/55 MP: 8/10
  2315 | D:5      | Reached skill level 10 in Earth Magic
  2348 | D:5      | Reached skill level 1 in Evocations
  2365 | D:5      | Reached skill level 2 in Evocations
  2415 | D:5      | Irenicus: ?? spellcasting
  2415 | D:5      | beem: spellcasting[1/1]: Gives you an extra spell slot for
                  | every half of a level in spellcasting. Raising your
                  | spellcasting also gives you more MP, lowers {spell hunger},
                  | and slightly boosts {spell success} and {spell power} for
                  | all spells.
  2500 | D:6      | Reached skill level 3 in Evocations
  2503 | D:6      | Found a radiant altar of Vehumet.
  2504 | D:6      | Found an iron altar of Okawaru.
  2509 | D:6      | Found an ancient bone altar of Kikubaaqudgha.
  2516 | D:6      | HP: 12/55 [scorpion (6)]
  2517 | D:6      | Reached skill level 4 in Evocations
  2525 | D:6      | Got a spiked leather armour
  2536 | D:6      | Identified the +2 leather armour of the Gloaming {Str+2}
                  | (You found it on level 6 of the Dungeon)
  2567 | D:6      | Found a shadowy altar of Dithmenos.
  2580 | D:6      | Reached skill level 5 in Evocations
  2608 | D:6      | HP: 9/55 [bullfrog (3)]
  2609 | D:6      | Reached XP level 8. HP: 10/62 MP: 11/11
  2621 | D:6      | Found a sacrificial altar of Ru.
  2656 | D:6      | Reached skill level 6 in Evocations
  2690 | D:6      | Found a staircase to the Ecumenical Temple.
  2707 | Temple   | Entered the Ecumenical Temple
  2765 | Temple   | Became a worshipper of Makhleb the Destroyer
  2779 | D:6      | Noticed Sigmund
  2815 | D:6      | Killed Sigmund
  2815 | D:6      | Reached skill level 11 in Earth Magic
  2838 | D:6      | Noticed Dowan
  2839 | D:6      | Noticed Duvessa
  2843 | D:6      | Killed Dowan
  2847 | D:6      | HP: 8/62 [Duvessa/+0 short sword (13)]
  2873 | D:6      | Killed Duvessa
  2873 | D:6      | Reached skill level 12 in Earth Magic
  2906 | D:6      | Noticed Pikel
  2912 | D:6      | Killed Pikel
  2912 | D:6      | Reached skill level 13 in Earth Magic
  2912 | D:6      | Gained mutation: You passively map the area around you.
                  | [Deep Dwarf growth]
  2912 | D:6      | Reached XP level 9. HP: 42/68 MP: 12/12
  2944 | D:6      | Noticed an unseen horror
  2952 | D:6      | Killed an unseen horror
  2952 | D:6      | Reached skill level 14 in Earth Magic
  3382 | D:7      | Noticed a two-headed ogre
  3468 | D:7      | Learned a level 5 spell: Lee's Rapid Deconstruction
  3484 | D:7      | Irenicus: ?? faith
  3484 | D:7      | beem: amulet of faith[1/2]: Piety increases one quarter
                  | faster. Yes, this means you get more gifts. Ru offers
                  | sacrifices more quickly; Xom has more dynamic piety and
                  | acts more often; no effect with Gozag. Removing the amulet
                  | reduces your piety by 1/3.
  3550 | D:7      | Reached skill level 15 in Earth Magic
  3564 | D:7      | Reached * piety under Makhleb
  3799 | D:7      | Learned a level 4 spell: Petrify
  3897 | D:8      | Reached skill level 1 in Transmutations
  3959 | D:8      | Reached skill level 16 in Earth Magic
  3960 | D:8      | Reached XP level 10. HP: 55/75 MP: 13/13
  3978 | D:8      | Reached skill level 2 in Transmutations
  4008 | D:8      | Found a staircase to the Lair.
  4014 | D:8      | Reached ** piety under Makhleb
  4025 | D:8      | Got an ancient hand axe
  4026 | D:8      | Identified the cursed +0 hand axe of Enoafe Zuump {vorpal,
                  | rN+ Dex+4} (You found it on level 8 of the Dungeon)
  4028 | D:8      | Identified a scroll of acquirement
  4028 | D:8      | Irenicus: ?? running
  4028 | D:8      | beem: boots of running[1/1]: -1 to movement delay (default
                  | is 10 for most races). Stacks with Swiftness. In 0.12 and
                  | older gave -2 delay.
  4028 | D:8      | Acquired an uncursed staff of earth
  4097 | D:8      | Reached skill level 3 in Transmutations
  4234 | D:9      | Found a shimmering blue altar of Sif Muna.
  4258 | D:9      | Reached skill level 4 in Transmutations
  4274 | D:9      | Reached skill level 3 in Spellcasting
  4286 | D:9      | Irenicus: ??stabb
  4286 | D:9      | beem: stabb ~ stabbing[1/5]: A stab with a short blade does
                  | increased damage: (dam+bonus)*mult, where bonus depends on
                  | dex and stealth/weapon skills and is capped at 30, and mult
                  | depends on your stealth/weapon skills and the type of stab
                  | (sleep/paralysis is best). Non-short blades don't get a
                  | bonus and have lower mult. Daggers get bonus doubled (but
                  | still capped at 30).
  4469 | D:9      | Noticed Grum
  4472 | D:9      | Killed Grum
  4472 | D:9      | Reached skill level 4 in Spellcasting
  4472 | D:9      | Reached skill level 5 in Transmutations
  4581 | D:9      | Reached *** piety under Makhleb
  4635 | D:9      | Identified the +11 long sword of Due Proportion {freeze,
                  | +Rage Int+2 Dex+4 Stlth-}
  4872 | D:7      | Learned a level 3 spell: Stone Arrow
  5067 | D:6      | Noticed Prince Ribbit
  5142 | D:6      | Killed Prince Ribbit
  5142 | D:6      | Reached skill level 5 in Spellcasting
  5142 | D:6      | Reached skill level 6 in Transmutations
  5174 | D:6      | Slain by an orc warrior

Illustrated notes

Levels and vault maps discovered:
D:1:      nzn_arrival_crosshair, layout_loops_corners, roderic_malta_cross
D:2:      layout_loops_ring, uniq_robin
D:3:      layout_basic, uniq_terence
D:4:      kennysheep_six_static_rooms, layout_loops_corners, kennysheep_mini,
          grunt_qazlal_clouds
D:5:      layout_rooms
D:6:      minmay_klotski, layout_cave_pools, lemuel_round_altar,
          grunt_temple_overflow_open, minmay_temple_entry_steel_oval,
          grunt_dithmenos_smoke, uniq_prince_ribbit1, uniq_pikel, uniq_duvessa,
          uniq_sigmund
D:7:      kennysheep_seaside_town, layout_loops_corners
D:8:      layout_cave_pods, due_lair_maze_entry_diamond, lemuel_flamethrower_2
D:9:      layout_basic, basic_altar, uniq_grum
Temple:   eino_temple_scatter_basement

Skill      XL: |  1  2  3  4  5  6  7  8  9 10 |
---------------+-------------------------------+-----
Spellcasting   | 2 5 |  5.0
Earth Magic    | 5 6 7 9 10 13 16 | 16.4
Short Blades   | 2 3 |  3.1
Evocations     | 5 6 |  6.1
Transmutations | 1 6 |  6.0
Dodging        | |  2.1
Stealth        | |  2.4

Action                   |  1- 3 |  4- 6 |  7- 9 | 10-12 || total
-------------------------+-------+-------+-------+-------++-------
Melee: Short sword       |    17 |       |       |       ||    17
       Dagger            |    14 |    18 |    21 |    26 ||    79
       Staff             |       |       |       |    35 ||    35
       Quick blade       |       |       |       |    10 ||    10
       Long sword        |       |       |       |     4 ||     4
 Cast: Sandblast         |    39 |    79 |   121 |    69 ||   308
       Passwall          |       |     7 |     9 |    13 ||    29
       Lee's Rapid Decon |       |       |     3 |     4 ||     7
       Petrify           |       |       |     1 |    18 ||    19
 Abil: Heal Wounds       |       |       |     2 |       ||     2
Evoke: Wand              |       |       |    26 |     5 ||    31
  Use: Scroll            |     6 |     2 |     3 |     6 ||    17
       Potion            |       |     8 |     2 |       ||    10
 Stab: Sleeping          |     3 |     4 |     1 |       ||     8
       Petrified         |       |       |     3 |    38 ||    41
       Petrifying        |       |       |       |     4 ||     4
       Distracted        |       |       |       |     1 ||     1
Armor: Robe              |    11 |     1 |       |       ||    12
       Leather armour    |       |     8 |    17 |    26 ||    51
Dodge: Dodged            |    34 |    19 |    24 |    45 ||   122

Table legend: (Time is in decaauts)
 A = Elapsed time spent in this place.
 B = Non-inter-level travel time spent in this place.
 C = Inter-level travel time spent in this place.
 D = Time resting spent in this place.
 E = Time spent auto-exploring this place.
 F = Levels seen in this place.
 G = Mean time per level.
                   A        B        C        D        E       F      G
               +--------+--------+--------+--------+--------+-----+--------+
         Total |   5148 |   5148 |      0 |      0 |      0 |  10 |  514.8 |
       Dungeon |   5076 |   5076 |      0 |      0 |      0 |   9 |  564.0 |
        Temple |     71 |     71 |      0 |      0 |      0 |   1 |   71.0 |
               +--------+--------+--------+--------+--------+-----+--------+

Top non-repeatable levels by time:
     D:7: 992 daAuts
     D:4: 687 daAuts
     D:1: 682 daAuts
     D:6: 617 daAuts
     D:9: 526 daAuts
     D:2: 487 daAuts
     D:8: 461 daAuts
     D:5: 339 daAuts
     D:3: 281 daAuts
  Temple: 71 daAuts

Table legend:
 A = Kills in this place as a percentage of kills in entire the game.
 B = Kills by you in this place as a percentage of kills by you in the entire game.
 C = Kills by friends in this place as a percentage of kills by friends in the entire game.
 D = Other kills in this place as a percentage of other kills in the entire game.
 E = Experience gained in this place as a percentage of experience gained in the entire game.
 F = Experience gained in this place divided by the number of levels of this place that you have seen.
                   A       B       C       D       E      F
               +-------+-------+-------+-------+-------+----------------------
         Total | 100.0 | 100.0 | 100.0 |   N/A | 100.0 | 1089.0
       Dungeon | 100.0 | 100.0 | 100.0 |   N/A | 100.0 | 1210.0
               +-------+-------+-------+-------+-------+----------------------
